 Dungeon Crawl Stone Soup version 0.22-a0-570-g58866f5 (webtiles) character file.

875 theanonym the Magician (level 7, -2/46 HPs)
             Began as a Mummy Air Elementalist on June 30, 2018.
             Killed from afar by an orc wizard (7 damage)
             ... with a puff of flame
             ... on level 5 of the Dungeon.
             The game lasted 00:08:11 (5521 turns).

theanonym the Magician (Mummy Air Elementalist)     Turns: 5521, Time: 00:08:12

Health: -2/46      AC:  4    Str: 11    XL:     7   Next: 74%
Magic:  3/16       EV: 12    Int: 16    God:
Gold:   193        SH:  0    Dex: 13    Spells: 14/19 levels left

rFire    x . .     SeeInvis .   b - +0 dagger (venom)
rCold    + . .     Gourm    .   (no shield)
rNeg     + + +     Faith    .   a - +0 robe
rPois    ∞         Spirit   .   (no helmet)
rElec    .         Reflect  .   (no cloak)
rCorr    .         Harm     .   i - +0 pair of gloves
MR       .....                  m - +0 pair of boots
Stlth    ++........             (no amulet)
HPRegen  0.15/turn              j - ring of flight
MPRegen  0.15/turn              (no ring)

@: no status effects
A: no food or potions, fire vulnerability, cold resistance 1, negative energy
resistance 3, torment resistance, unbreathing
a: Evoke Flight


Innate Abilities, Weirdness & Mutations

You do not eat or drink.
Your flesh is vulnerable to fire.
You are immune to poison.
Your flesh is cold resistant. (rC+)
You are immune to negative energy. (rN+++)
You are immune to unholy pain and torment.
You can survive without breathing.


   Skills:
 - Level 1.5 Dodging
 - Level 1.5 Stealth
 + Level 6.6 Spellcasting
 - Level 0.7 Conjurations
 * Level 6.5 Air Magic


You had 14 spell levels left.
You knew the following spells:

 Your Spells              Type           Power        Failure   Level  Hunger
a - Shock                 Conj/Air       ###.         3%          1    N/A
b - Airstrike             Air            ####......   9%          4    N/A

Your spell library contained the following spells:

 Spells                   Type           Power        Failure   Level  Hunger
 Lightning Bolt           Conj/Air       ###.......   63%         5    N/A
 Swiftness                Chrm/Air       ###.....     4%          2    N/A
 Static Discharge         Conj/Air       ###.....     9%          3    N/A

Skill      XL: |  1  2  3  4  5  6 |
---------------+-------------------+-----
Spellcasting   | 3 4 6 |  6.6
Air Magic      | 3 4 6 |  6.5
Dodging        | |  1.5
Stealth        | |  1.5
Conjurations   | |  0.7

Action                   |  1- 3 |  4- 6 |  7- 9 || total
-------------------------+-------+-------+-------++-------
Melee: Dagger            |    69 |    87 |       ||   156
Throw: Throwing net      |       |     2 |     1 ||     3
 Cast: Shock             |    46 |    58 |     3 ||   107
       Airstrike         |       |    30 |     4 ||    34
  Use: Scroll            |       |     1 |       ||     1
 Stab: Sleeping          |     3 |     1 |       ||     4
Armor: Robe              |     8 |    22 |       ||    30
Dodge: Dodged            |    48 |    86 |       ||   134

Inventory:

Hand Weapons
 b - a +0 dagger of venom (weapon)
   (You took it off a kobold on level 1 of the Dungeon)
Armour
 a - a +0 robe (worn)
 i - a +0 pair of gloves (worn)
   (You found it on level 4 of the Dungeon)
 m - a +0 pair of boots (worn)
   (You found it on level 5 of the Dungeon)
Jewellery
 j - a ring of flight (left hand)
   (You found it on level 4 of the Dungeon)
Scrolls
 c - 2 scrolls of identify {unknown}
 d - 2 scrolls of fear {unknown}
 e - 2 scrolls of immolation {unknown}
 f - 6 scrolls of fog
 g - a scroll of enchant armour {unknown}
 k - a scroll of blinking {unknown}
 l - 3 scrolls of amnesia {unknown}
 n - a scroll of teleportation {unknown}


You were on level 5 of the Dungeon.
You were not hungry.

You visited 1 branch of the dungeon, and saw 5 of its levels.

You collected 193 gold pieces.

Dungeon Overview and Level Annotations

Branches:
Dungeon (5/15)
 Temple: D:4-7

Altars:
Okawaru

#.###'# #(.# #.).##..##......# #.
#.######..###...##..##..##..# o
#.....#...'.......!.##..##..# o
#.....#...#..............#...
#.....#...#....!.........#... ###
##....###.###.(.##..######†##
..###....###.###...##..##..##.##
.........{'...#........#........
..........#.p.#@.......#........
(.........#...#<.......#........
####....>.###.####.######.##..##
.####.#.#'####.####.######.##..##
..p.........#.........<.....'(...
..#..8..#...#...............#....
##..%##...#...............#....
######...#...p...........#....
... #...###pp##.#####'###....


There were no monsters in sight!

Notes
Turn   | Place    | Note
-------+----------+-------------------------------------------
     0 | D:1      | theanonym the Mummy Air Elementalist began the quest for the Orb.
     0 | D:1      | Reached XP level 1. HP: 13/13 MP: 4/4
   179 | D:1      | Reached skill level 3 in Spellcasting
   191 | D:1      | Reached XP level 2. HP: 19/19 MP: 1/6
   454 | D:1      | Reached skill level 3 in Air Magic
   749 | D:2      | Reached XP level 3. HP: 24/24 MP: 7/7
  1148 | D:2      | HP: 11/24 [adder (3)]
  1150 | D:2      | HP: 5/24 [adder (2)]
  1512 | D:2      | HP: 12/24 [worm (8)]
  1520 | D:2      | Reached XP level 4. HP: 16/30 MP: 2/9
  1883 | D:3      | HP: 12/30 [worker ant (5)]
  1884 | D:3      | Reached skill level 4 in Spellcasting
  2183 | D:3      | Learned a level 4 spell: Airstrike
  2346 | D:3      | Found a faded altar of an unknown god.
  2584 | D:3      | Reached skill level 4 in Air Magic
  2599 | D:3      | HP: 14/30 [orc/hand axe (4)]
  2891 | D:3      | HP: 13/30 [orc/mace (3)]
  3189 | D:3      | Reached XP level 5. HP: 24/35 MP: 9/11
  3639 | D:4      | HP: 14/35 [adder (4)]
  3647 | D:4      | HP: 7/35 [adder (4)]
  4153 | D:4      | Reached XP level 6. HP: 35/41 MP: 0/13
  4688 | D:5      | Entered Level 5 of the Dungeon
  4765 | D:5      | Reached skill level 5 in Spellcasting
  4768 | D:5      | Reached skill level 5 in Air Magic
  4953 | D:5      | Found an iron altar of Okawaru.
  5123 | D:5      | Noticed a slave
  5124 | D:5      | Noticed Pikel
  5127 | D:5      | Noticed a slave
  5129 | D:5      | Noticed a slave
  5185 | D:4      | HP: 19/41 [Pikel/whip of freezing (2)]
  5196 | D:4      | HP: 17/41 [Pikel/whip of freezing (4)]
  5214 | D:4      | HP: 14/41 [Pikel/whip of freezing (5)]
  5228 | D:4      | Killed Pikel
  5228 | D:4      | Reached skill level 6 in Spellcasting
  5228 | D:4      | Reached skill level 6 in Air Magic
  5228 | D:4      | Reached XP level 7. HP: 18/46 MP: 1/16
  5492 | D:5      | HP: 22/46 [acid (14)]
  5500 | D:5      | HP: 11/46 [orc wizard/puff of flame (13)]
  5511 | D:5      | HP: 10/46 [something/puff of frost (2)]
  5518 | D:5      | HP: 4/46 [something/puff of flame (7)]
  5521 | D:5      | Killed from afar by an orc wizard

Vanquished Creatures
  Pikel (D:4)
  A scorpion (D:5)
  A crimson imp (D:5)
  An orc priest (D:5)
  A hound (D:4)
  4 worker ants
  9 adders
  A shadow imp (D:5)
  An adder skeleton (D:4)
  2 worms (D:2)
  A dart slug (D:2)
  5 leopard geckos
  11 orcs
  5 bats
  5 giant cockroaches
  4 goblins
  8 hobgoblins
  10 jackals
  7 kobolds
  A ball python skeleton (D:5)
  6 frilled lizards
  A leopard gecko skeleton (D:4)
  A quokka zombie (D:5)
  8 rats
95 creatures vanquished.

Table legend:
 A = Turns spent in this place as a percentage of turns spent in the entire game.
 B = Non-inter-level travel turns spent in this place as a percentage of non-inter-level travel turns spent in the entire game.
 C = Inter-level travel turns spent in this place as a percentage of turns spent in this place.
 D = Turns resting spent in this place as a percentage of non-inter-level travel turns spent in this place.
 E = Turns spent auto-exploring this place as a percentage of non-inter-level travel turns spent in this place.
 F = Non-inter-level travel turns spent in this place divided by the number of levels of this place that you've seen.
                   A       B       C       D       E      F
               +-------+-------+-------+-------+-------+----------------------
         Total | 100.0 | 100.0 |   2.6 |  49.8 |  36.1 | 1075.0
       Dungeon | 100.0 | 100.0 |   2.6 |  49.8 |  36.1 | 1075.0
               +-------+-------+-------+-------+-------+----------------------
